Unix NetHack Version 5.0.0-0 post-release - last build Jun 10 2026 00:39:30 (3ee93aec679c4c4259841fe613dc97188e26a321,branch:main).

Game began 2026-06-20 07:27:02, ended 2026-06-21 09:35:49.

Booker, lawful male human Knight

                                 -----------
                                 |....<....|
              -------------   ###..........|
              |...........| ###  -----.-.---
              |.....D@o...| #         # ####
              |......e...o|##         #    #
              |............#          ##   #################  ###
              |...........|            ##             -----.----.----
              +......<r...|             ##            |.............|
              -------------              #            |.............|
                                         #            |.............|
                                        ###       ####.)............|
                                       --|---.--  #   |..{.{..|.....|
                                       |...{.>..###   ---------------
                                       |.......|
                                       |.......|
                                       ---------

Booker the Esquire       St:17 Dx:10 Co:12 In:7 Wi:16 Ch:17  Lawful S:938
Dlvl:6  $:34 HP:0(30) Pw:24(24) AC:5  Xp:4/156 T:2665 

Latest messages:
 You put an unlabeled scroll into the bag.
 You put a dark green potion into the bag.
 You put an orange potion into the bag.
 You put a purple-red potion into the bag.
 You put a wand of secret door detection into the bag.
 You put a red gem into the bag.
 You put a white gem into the bag.
 Your movements are now unencumbered.
 This door is locked.
 This door is locked.
 This door is locked.
 This door is locked.
 This door is locked.
 In what direction?
 Whammm!!
 In what direction?
 Whammm!!
 In what direction?
 Thwack!!
 In what direction?
 Thwack!!
 In what direction?
 Thwack!!
 In what direction?
 Thwack!!
 In what direction?
 Whammm!!
 In what direction?
 Whammm!!
 Thwack!!
 Whammm!!
 As you kick the door, it crashes open!
 $ - 11 gold pieces (34 in total).
 What do you want to use or apply? [iqyB or ?*]
 b - an uncursed +1 lance.
 You hit the floating eye!
 You are frozen by the floating eye's gaze!
 You hear some noises in the distance.
 MrEd picks up a violet gem.
 MrEd bites the floating eye.
 MrEd is frozen by the floating eye's gaze!
 The Mordor orc hits!
 The Mordor orc hits!
 The Mordor orc hits!
 The Mordor orc hits!
 The Mordor orc hits!
 The Mordor orc hits!
 The Mordor orc hits!
 The Mordor orc hits!
 You die...

Inventory:
 Coins    ('$')
  $ - 34 gold pieces
 Weapons  (')')
  a - an uncursed corroded +2 long sword (weapon in right hand)
  b - an uncursed +1 lance
 Armor    ('[')
  d - an uncursed +0 helmet (being worn)
  f - an uncursed rotted +0 pair of leather gloves (being worn)
  e - an uncursed rotted +0 small shield (being worn)
  c - an uncursed +1 ring mail (being worn)
 Comestibles  ('%')
  g - 14 uncursed apples
  h - 7 uncursed carrots
  l - an uncursed food ration
 Scrolls  ('?')
  z - an uncursed scroll of teleportation
 Potions  ('!')
  n - 3 uncursed potions of healing
 Wands    ('/')
  i - an uncursed wand of polymorph (0:3)
 Tools    ('(')
  y - an uncursed bag of holding containing 9 items
  B - an uncursed tallow candle
  q - an uncursed tin whistle

Contents of the bag of holding:
  a blessed scroll of blank paper
  a cursed scroll of identify
  an uncursed spellbook of finger of death
  an uncursed potion of booze
  a cursed potion of object detection
  an uncursed potion of sickness
  an uncursed wand of secret door detection (0:12)
  an uncursed garnet stone
  an uncursed worthless piece of white glass

Booker the Knight's attributes:

Background:
 You were an Esquire, a level 4 male human Knight.
 You were lawful, on a mission for Lugh
 who was opposed by Brigit (neutral) and Manannan Mac Lir (chaotic).
 You were right-handed.
 You were in the Dungeons of Doom, on level 6.
 You entered the dungeon 2665 turns ago.
 You had 156 experience points, 4 more were needed to attain level 5.
 Your score was 938 before end-of-game adjustments.

Basics:
 You had 0 out of 30 hit points.
 You had all 24 energy points (spell power).
 Your armor class was 5.
 Your wallet contained 34 zorkmids.
 Autopickup was on for '$%?!"=/' plus thrown, with exceptions.

Final Characteristics:
 Your strength was 17 (limit:18/100).
 Your dexterity was 10 (limit:18).
 Your constitution was 12 (limit:18).
 Your intelligence was 7 (limit:18).
 Your wisdom was 16 (limit:18).
 Your charisma was 17 (limit:18).

Final Status:
 You weren't hungry.
 You were unencumbered.
 You were wielding a long sword.
 You had basic skill with long sword.

Final Attributes:
 You were piously aligned.
 You could jump.
 You were warded.
 You are dead.

Miscellaneous:
 You disabled loading and storing of bones levels.
 Total elapsed playing time was 20 minutes and 27 seconds.

Major events:
 Turn
    1: Booker the lawful male human Knight entered the dungeon
 1140: entered the Gnomish Mines
 1396: attained the rank of Esquire (level 3)
 2070: the Oracle has been killed
 2665: killed by a Mordor orc, while frozen by a floating eye's gaze

You didn't know any spells.

Skills:
 Fighting Skills
   bare handed combat [Unskilled]
   two weapon combat  [Unskilled]
   riding             [Basic]
 Weapon Skills
   dagger             [Unskilled]
   knife              [Unskilled]
   axe                [Unskilled]
   pick-axe           [Unskilled]
   short sword        [Unskilled]
   broadsword         [Unskilled]
   long sword         [Basic]
   two-handed sword   [Unskilled]
   saber              [Unskilled]
   club               [Unskilled]
   mace               [Unskilled]
   morning star       [Unskilled]
   flail              [Unskilled]
   hammer             [Unskilled]
   polearms           [Unskilled]
   spear              [Unskilled]
   trident            [Unskilled]
   lance              [Basic]
   bow                [Unskilled]
   crossbow           [Unskilled]
 Spellcasting Skills
   attack spells      [Unskilled]
   healing spells     [Unskilled]
   clerical spells    [Unskilled]

Voluntary challenges:
 Character rerolling was not enabled.
 You never genocided any monsters.
 You never polymorphed an object.
 You never changed form.
 You used no wishes.
Achievements:
 You entered the Gnomish Mines.
 You attained the rank of Esquire.

 The Dungeons of Doom: levels 1 to 6
    Level 1:
       An altar to Lugh.
    Level 2:
    Level 3:
       A fountain.
    Level 4:
       Stairs down to The Gnomish Mines.
    Level 5:
       Many fountains.
    Level 6: <- You were here.
       Some fountains, a sink, a grave.
       Final resting place for
          you, killed by a Mordor orc, while frozen by a floating eye's gaze.
 The Gnomish Mines:
    Level 5:


Vanquished creatures:
the Oracle
  a brown pudding
  2 shriekers
  a red naga hatchling
  a guardian naga hatchling
  a giant ant
  2 rothes
 an orc zombie
  4 iguanas
  2 acid blobs
  a hobbit
  a yellow mold
  8 gnomes
  2 geckos
  5 jackals
  a fox
  a kobold
  a goblin
  3 sewer rats
  5 grid bugs
  a bat
  a kobold zombie
  4 newts
50 creatures vanquished.

No species were genocided or became extinct.

Game over:
                       ----------
                      /          \
                     /    REST    \
                    /      IN      \
                   /     PEACE      \
                  /                  \
                  |      Booker      |
                  |      34 Au       |
                  |   killed by a    |
                  |    Mordor orc    |
                  |                  |
                  |                  |
                  |       2026       |
                 *|     *  *  *      | *
        _________)/\\_//(\/(/\)/\//\/|_)_______

Fare thee well Booker the Knight...

You died in The Dungeons of Doom on dungeon level 6 with 935 points,
and 34 pieces of gold, after 2665 moves.
You were level 4 with a maximum of 30 hit points when you died.

